 Dungeon Sprint DCSS version 0.28-a0-60-g54b5640690 (webtiles) character file.

Game seed: 12162265367334589472

973 Spaninq the Cleaver (level 7, -6/72 HPs)
             Began as a Minotaur Fighter on July 30, 2021.
             Was a Follower of Okawaru.
             Mangled by a sun demon (19 damage)
             ... summoned by a kobold demonologist
             ... in the Dungeon (Sprint I: "Red Sonja").
             The game lasted 00:02:22 (416 turns).

Spaninq the Cleaver (Minotaur Fighter)               Turns: 416, Time: 00:02:23

Health: -6/72      AC:  8    Str: 22    XL:     7   Next: 94%
Magic:  6/7        EV:  9    Int:  5    God:    Okawaru [*.....]
Gold:   459        SH: 12    Dex: 10    Spells: 6/6 levels left

rFire   . . .      SeeInvis .   a - +0 war axe
rCold   . . .      Faith    .   c - +0 kite shield
rNeg    . . .      Spirit   .   b - +0 scale mail
rPois   .          Reflect  .   (helmet restricted)
rElec   .          Harm     .   (no cloak)
rCorr   .          Rampage  .   (no gloves)
Will    .....      NoTele   +   (no boots)
Stlth   ..........              (no amulet)
HPRegen 0.22/turn               (no ring)
MPRegen 0.10/turn               (no ring)

@: no status effects
A: horns 2, retaliatory headbutt
a: Renounce Religion, Heroism


You were in the Dungeon.
You worshipped Okawaru.
Okawaru was aware of your devotion.
You visited 1 branch You collected 459 gold pieces.

Inventory:

Hand Weapons
 a - a +0 war axe (weapon)
Armour
 b - a +0 scale mail (worn)
 c - a +0 kite shield (worn)
Wands
 k - a wand of polymorph (3)
Scrolls
 j - a scroll of blinking
Potions
 d - a potion of might
 e - a potion of curing
 f - a potion of heal wounds
 g - a potion of haste
 h - 2 potions of magic


   Skills:
 + Level 10.0 Fighting
 * Level 12.5 Axes
 + Level 10.1 Armour
 + Level 10.0 Shields
 + Level 2.6 Invocations


You had 6 spell levels left.
You didn't know any spells.
Your spell library was empty.

Dungeon Overview and Level Annotations

Branches:
Dungeon (1/1)

Altars:
Cheibriados
Dithmenos
Elyvilon
Fedhas
Gozag
Hepliaklqana
Kikubaaqudgha
Makhleb
Nemelex Xobeh
Okawaru
Qazlal
Ru
Sif Muna
Trog
Uskayaw
Vehumet
Wu Jian
Xom
Yredelemnul
Zin
The Shining One
Jiyva
Lugonu

Shops:
D =


Innate Abilities, Weirdness & Mutations

You have a pair of horns on your head.
You reflexively headbutt those who attack you in melee.


Message History

You completely miss the kobold demonologist.
You block the kobold demonologist's attack.
The kobold demonologist hits you but does no damage.
You block the orange demon's attack.
You barely miss the kobold demonologist.
You headbutt the kobold demonologist.
The kobold demonologist is moderately wounded.
You hit the kobold demonologist but do no damage.
You block the kobold demonologist's attack.
The kobold demonologist completely misses you.
You furiously retaliate!
You headbutt the kobold demonologist. You block the orange demon's attack.
You hit the kobold demonologist but do no damage.
The kobold demonologist is moderately wounded.
You slash the kobold demonologist!
The kobold demonologist mumbles some strange words.
The kobold demonologist casts a spell.
The orange demon stings you but does no damage.
You slash the kobold demonologist! You headbutt the kobold demonologist!
You kill the kobold demonologist!
Okawaru accepts your kill.
The orange demon disappears in a puff of smoke!
The rust devil disappears in a puff of smoke!
The shadow imp disappears in a puff of smoke!
The iron imp disappears in a puff of smoke!
You hit the kobold demonologist. You hit the sun demon but do no damage.
The kobold demonologist hits you but does no damage.
The sun demon hits you!!
You are engulfed in flames!!
Your Fighting skill increases to level 10!
Your Armour skill increases to level 10!
Your Shields skill increases to level 10!
Your Invocations skill increases to level 2!
You slash the kobold demonologist!
The kobold demonologist is severely wounded.
You hit the sun demon but do no damage.
The kobold demonologist begins to cast a cantrip, but forgets the words!
The sun demon hits you!
* * * LOW HITPOINT WARNING * * *
You are engulfed in flames!!
You die...

#####################
.').#..'..#__#.3@)§§#
.#..').#..'^.'..#K..#
###'#####'#__####.§§+
##..#...#.####?)#####
_####..##.#≈§§§c#
____##'#_.+≈§§§
.∩...†..._#≈§§§c
..__##_.#'##+###
____###+#.#


You could see a sun demon (summoned) and a kobold demonologist.

Vanquished Creatures
  A kobold demonologist (D)
  A slime creature (D)
  Sigmund (D)
  A yak (D)
  A floating eye (D)
  An ogre (D)
  A jelly (D)
  Ijyb (D)
8 creatures vanquished.

Notes
Turn   | Place    | Note
-------+----------+-------------------------------------------
     0 | D        | Spaninq the Minotaur Fighter began the quest for the Orb.
     0 | D        | Reached XP level 1. HP: 19/19 MP: 0/0
     1 | D        | Noticed Ijyb
    18 | D        | Killed Ijyb
    19 | D        | Reached skill level 5 in Fighting
    19 | D        | Reached skill level 4 in Axes
    19 | D        | Reached skill level 5 in Armour
    19 | D        | Reached skill level 5 in Shields
    19 | D        | Reached XP level 2. HP: 23/29 MP: 1/1
    84 | D        | Noticed an ogre
    86 | D        | Killed an ogre
    87 | D        | Reached skill level 6 in Axes
    87 | D        | Reached XP level 3. HP: 37/37 MP: 2/2
    87 | D        | Reached XP level 4. HP: 44/44 MP: 3/3
   123 | D        | Noticed Sigmund
   128 | D        | Killed Sigmund
   129 | D        | Reached skill level 9 in Axes
   129 | D        | Reached XP level 5. HP: 53/53 MP: 4/4
   141 | D        | Found a shimmering blue altar of Sif Muna.
   142 | D        | Found an ornate altar of the Wu Jian Council.
   143 | D        | Found a radiant altar of Vehumet.
   147 | D        | Reached XP level 6. HP: 54/61 MP: 5/5
   169 | D        | Found Omeheyt's Jewellery Emporium.
   169 | D        | Found an ancient bone altar of Kikubaaqudgha.
   169 | D        | Found a hazy altar of Hepliaklqana.
   169 | D        | Found a hide-covered altar of Uskayaw.
   169 | D        | Found a basalt altar of Yredelemnul.
   169 | D        | Found an opulent altar of Gozag.
   169 | D        | Found a snail-covered altar of Cheibriados.
   169 | D        | Found a sacrificial altar of Ru.
   169 | D        | Found a shadowy altar of Dithmenos.
   169 | D        | Noticed a yak
   174 | D        | Killed a yak
   175 | D        | Reached skill level 10 in Axes
   175 | D        | Found a stormy altar of Qazlal.
   175 | D        | Found a blossoming altar of Fedhas.
   175 | D        | Found a bloodstained altar of Trog.
   175 | D        | Found an iron altar of Okawaru.
   175 | D        | Found a glowing golden altar of the Shining One.
   175 | D        | Found a glowing silver altar of Zin.
   175 | D        | Found a white marble altar of Elyvilon.
   178 | D        | Found a sparkling altar of Nemelex Xobeh.
   183 | D        | Became a worshipper of Warmaster Okawaru
   220 | D        | Noticed a centaur warrior
   221 | D        | Noticed a centaur warrior
   236 | D        | Found a viscous altar of Jiyva.
   236 | D        | Found a corrupted altar of Lugonu.
   236 | D        | Noticed a slime creature
   237 | D        | Found a burning altar of Makhleb.
   237 | D        | Found a shimmering altar of Xom.
   244 | D        | Killed a slime creature
   244 | D        | Reached * piety under Okawaru
   245 | D        | Reached skill level 11 in Axes
   245 | D        | Reached XP level 7. HP: 38/70 MP: 6/6
   407 | D        | Noticed a kobold demonologist
   407 | D        | Noticed a kobold demonologist
   409 | D        | Noticed an orange demon
   411 | D        | Reached skill level 12 in Axes
   411 | D        | Reached skill level 1 in Invocations
   412 | D        | Noticed a rust devil
   415 | D        | Noticed a sun demon
   415 | D        | Killed a kobold demonologist
   416 | D        | Reached skill level 10 in Fighting
   416 | D        | Reached skill level 10 in Armour
   416 | D        | Reached skill level 10 in Shields
   416 | D        | Mangled by a sun demon

Illustrated notes

Levels and vault maps discovered:
D:        dungeon_sprint_1 [red_sonja_temple_1, red_sonja_temple_small_1]

Skill      XL: |  1  2  3  4  5  6  7 |
---------------+----------------------+-----
Fighting       | 5 6 7 9 10 | 10.0
Axes           | 4 6 9 11 12 | 12.5
Armour         | 5 6 7 9 10 | 10.1
Shields        | 5 6 7 9 10 | 10.0
Invocations    | 2 |  2.6

Action                   |  1- 3 |  4- 6 |  7- 9 || total
-------------------------+-------+-------+-------++-------
Melee: War axe           |    17 |    18 |     8 ||    43
       Headbutt          |       |     8 |     4 ||    12
  Use: Potion            |     1 |       |       ||     1
Armor: Skin              |     7 |       |       ||     7
       Scale mail        |     1 |     2 |     4 ||     7
Dodge: Dodged            |     3 |     5 |     3 ||    11
Block: Kite shield       |     6 |     8 |     5 ||    19

Table legend: (Time is in decaauts)
 A = Elapsed time spent in this place.
 B = Non-inter-level travel time spent in this place.
 C = Inter-level travel time spent in this place.
 D = Time resting spent in this place.
 E = Time spent auto-exploring this place.
 F = Levels seen in this place.
 G = Mean time per level.
                   A        B        C        D        E       F      G
               +--------+--------+--------+--------+--------+-----+--------+
         Total |    437 |    437 |      0 |    241 |      0 |   1 |  437.0 |
       Dungeon |    437 |    437 |      0 |    241 |      0 |   1 |  437.0 |
               +--------+--------+--------+--------+--------+-----+--------+

Top non-repeatable levels by time:
       D: 437 daAuts
